Map: Data-C

Players

Mixu

  • Race: Zerg Zerg
  • Spawn Location: 3:00

Silky - Winner!

  • Race: Zerg Zerg
  • Spawn Location: 9:00

Event: DreamHack SC2 Masters 2022 Atlanta (Offline)

VOD

Have the link to the VOD?

Description

Time

  • Played on: Nov. 18, 2022, 4:36 p.m.
  • Length: 10:24

All games in this series

Show
View Real Time Build Order
Export as new Build Order

Mixu Zerg 

Build Orders: Hatch First 

Get SALT Encoding   

  12  0:00  Drone  
  13  0:12  Overlord  
  13  0:16  Drone  
  14  0:31  Drone x2  
  16  0:49  Hatchery  
  15  0:52  Drone  
  15  0:56  Drone  
  17  1:00  Drone  
  18  1:10  Extractor  
  17  1:15  Spawning Pool  
  17  1:17  Drone  
  17  1:22  Drone  
  18  1:28  Drone  
  19  2:02  Zergling x8, Queen x2  
  27  2:13  Zergling x2  
  27  2:15  Overlord  
  26  2:23  Zergling x2  
  27  2:33  Metabolic Boost  
  27  2:43  Drone x2  
  28  2:46  Drone  
  28  2:50  Drone  
  30  3:06  Drone  
  30  3:10  Drone  
  30  3:11  Drone x2, Overlord  
  34  3:18  Drone x2  
  36  3:26  Hatchery  
  35  3:33  Drone  
  36  3:34  Drone  
  36  3:35  Drone  
  36  3:36  Drone  
  36  3:37  Zergling x2  
  36  3:41  Overlord  
  40  3:48  Baneling Nest, Drone  
  40  3:50  Drone  
  40  3:57  Zergling x6  
  43  4:03  Drone  
  43  4:08  Drone x2  
  46  4:13  Drone x3  
  46  4:15  Extractor, Evolution Chamber  
  47  4:18  Queen  
  49  4:28  Drone x2  
  49  4:30  Overlord  
  51  4:31  Roach Warren  
  51  4:34  Drone  
  51  4:39  Lair  
  51  4:41  Drone x3  
  51  4:42  Extractor  
  51  4:44  Overlord  
  53  4:53  Zerg Missile Weapons Level 1  
  53  4:59  Drone x4, Overlord  
  56  5:08  Drone x2, Overlord  
  56  5:09  Drone x2  
  56  5:10  Drone  
  61  5:20  Drone x6  
  66  5:24  Drone  
  66  5:30  Drone  
  66  5:31  Drone, Extractor  
  66  5:32  Drone  
  66  5:35  Drone x3  
  71  5:37  Drone x3  
  71  5:38  Glial Reconstitution  
  74  5:43  Roach x2  
  74  5:47  Extractor  
  77  5:56  Roach x6  
  89  6:04  Drone x3  
  90  6:07  Extractor  
  90  6:09  Drone  
  89  6:12  Spire  
  89  6:17  Hatchery, Overlord  
  89  6:18  Roach  
  89  6:27  Overlord x2  
  89  6:34  Overlord  
  89  6:37  Drone  
  89  6:38  Roach x4  
  98  6:41  Overseer  
  98  6:42  Overlord  
  98  6:47  Zerg Missile Weapons Level 2  
  98  6:49  Roach x6  
  116  7:01  Roach x6  
  116  7:08  Roach x4  
  130  7:10  Overlord x2  
  130  7:13  Overlord  
  130  7:28  Overlord  
  130  7:29  Mutalisk x6  
  132  7:34  Drone x2  
  132  7:35  Roach x3  
  132  7:37  Drone x2  
  152  7:39  Roach x3  
  154  7:46  Roach x3  
  154  7:48  Overlord  
  160  7:53  Roach x3  
  166  7:59  Roach  
  166  8:04  Overlord  
  166  8:05  Overlord  
  168  8:08  Roach x4, Extractor  
  175  8:15  Overlord  
  175  8:16  Overlord  
  175  8:23  Roach x8  
  175  8:25  Ravager  
  192  8:27  Overseer  
  192  8:28  Overseer  
  192  8:29  Overseer  
  192  8:37  Roach x3, Ravager  
  192  8:38  Ravager  
  190  9:03  Ravager  
  190  9:04  Roach x5  
  190  9:08  Roach x9  
  197  9:12  Roach  
  193  9:23  Roach x7  
  199  9:29  Overlord x3  
  199  9:30  Infestation Pit  
  194  9:34  Overlord  
  192  9:42  Roach x5  
  190  9:48  Roach x8  
  190  9:52  Roach x2  
  174  10:02  Roach x6  
Show
View Real Time Build Order
Export as new Build Order

Silky Zerg - Winner!

Build Orders: Pool First, Roach Hydra 

Get SALT Encoding   

  12  0:17  Spawning Pool  
  11  0:21  Drone  
  11  0:26  Drone  
  13  0:30  Drone  
  14  0:40  Overlord  
  14  1:04  Zergling x6  
  17  1:15  Zergling x2  
  17  1:18  Hatchery  
  17  1:26  Zergling x2  
  18  1:34  Queen  
  18  1:37  Drone  
  21  1:47  Overlord  
  21  2:00  Drone  
  22  2:09  Queen, Drone  
  25  2:21  Drone  
  26  2:32  Queen, Drone x2  
  29  2:42  Drone  
  29  2:43  Drone  
  30  2:45  Overlord  
  30  2:47  Drone x2  
  32  2:53  Queen  
  32  2:57  Drone  
  35  3:04  Drone  
  35  3:05  Drone x2  
  38  3:14  Drone  
  38  3:15  Extractor  
  38  3:21  Overlord  
  38  3:23  Drone x3  
  38  3:26  Drone  
  42  3:36  Hatchery  
  42  3:37  Drone  
  42  3:41  Extractor  
  41  3:43  Drone  
  41  3:44  Drone x2  
  41  3:48  Drone x2  
  46  3:50  Drone  
  47  3:58  Evolution Chamber  
  47  4:00  Drone x2  
  48  4:05  Roach Warren  
  48  4:08  Drone x3  
  47  4:17  Evolution Chamber  
  47  4:19  Lair  
  47  4:23  Zergling x6  
  49  4:26  Evolution Chamber  
  49  4:27  Overlord  
  49  4:29  Drone  
  50  4:35  Zerg Missile Weapons Level 1  
  50  4:36  Drone x2  
  52  4:39  Extractor  
  52  4:40  Overlord  
  52  4:43  Drone  
  52  4:48  Drone x2  
  52  4:49  Drone x2  
  52  4:51  Drone  
  57  4:56  Drone  
  58  5:00  Drone x2  
  58  5:10  Drone x2  
  58  5:12  Drone  
  61  5:17  Glial Reconstitution  
  61  5:18  Overlord  
  61  5:21  Drone x4  
  61  5:22  Drone  
  61  5:26  Drone x2  
  61  5:28  Overseer  
  66  5:32  Roach  
  66  5:33  Roach  
  70  5:36  Drone  
  70  5:37  Extractor  
  70  5:38  Zerg Ground Armor Level 1  
  70  5:39  Roach x2, Extractor  
  70  5:40  Roach  
  75  5:46  Drone  
  75  5:47  Pneumatized Carapace  
  75  5:48  Drone x2  
  75  5:49  Drone x2, Extractor  
  79  5:55  Drone x2  
  80  6:02  Drone  
  81  6:05  Overlord x2  
  81  6:10  Overlord  
  81  6:11  Overlord x2  
  81  6:12  Overseer  
  81  6:13  Hatchery  
  81  6:16  Overlord  
  80  6:24  Drone  
  80  6:25  Drone x2  
  83  6:26  Roach x3  
  83  6:28  Overlord  
  83  6:29  Roach  
  83  6:30  Roach  
  93  6:34  Zerg Missile Weapons Level 2  
  93  6:35  Roach  
  95  6:40  Overlord  
  95  6:41  Roach x2  
  95  6:44  Drone  
  95  6:45  Hydralisk Den  
  95  6:46  Roach  
  101  6:50  Overlord  
  101  6:51  Roach x2  
  107  6:54  Roach  
  107  6:58  Roach x3  
  113  7:04  Roach x2  
  113  7:05  Roach  
  113  7:08  Roach x3  
  125  7:12  Roach x2  
  129  7:19  Grooved Spines, Overlord x2  
  129  7:21  Hydralisk  
  129  7:22  Hydralisk  
  133  7:25  Hydralisk  
  133  7:28  Hydralisk  
  137  7:31  Hydralisk  
  137  7:32  Hydralisk  
  137  7:35  Hydralisk  
  139  7:44  Hydralisk x4  
  139  7:51  Spore Crawler, Drone  
  146  7:54  Hydralisk x3  
  146  7:55  Hydralisk  
  153  7:59  Spore Crawler, Drone  
  153  8:00  Roach  
  153  8:03  Spore Crawler, Drone x2  
  156  8:08  Roach x2  
  160  8:13  Overlord x2  
  160  8:14  Overlord  
  160  8:17  Overlord  
  160  8:22  Overlord x2  
  160  8:26  Overlord  
  160  8:30  Muscular Augments  
  160  8:33  Roach x3  
  166  8:34  Overlord  
  166  8:43  Lurker Den  
  166  8:44  Roach x3  
  166  8:46  Ravager  
  172  8:49  Roach x2  
  172  8:50  Roach  
  172  8:53  Roach x2  
  182  9:05  Roach x7  
  182  9:08  Roach x2  
  182  9:19  Roach  
  182  9:20  Roach x6  
  182  9:23  Spore Crawler, Drone  
  191  9:26  Drone x3  
  191  9:29  Roach x2  
  192  9:47  Infestation Pit  
  192  9:49  Roach x3  
  192  9:50  Roach  
  181  10:00  Roach x12  
Tags
 
Add a new tag
Caveats
  • Supply blocks, unpowered buildings, or Contaminate may cause inaccurate times.
  • Supply counts are checked every 10 seconds.